 Dungeon Crawl Stone Soup version 0.19.1-28-ge1247f7 (webtiles) character file.

13257 MovingMist the Grappler (level 11, -1/124 HPs)
             Began as a Troll Monk on Jan 22, 2017.
             Was a High Priest of Cheibriados.
             Shot with an arrow by a centaur (3 damage)
             ... on level 11 of the Dungeon.
             The game lasted 00:27:48 (7919 turns).

MovingMist the Grappler (Troll Monk)                Turns: 7919, Time: 00:27:48

Health: -1/124     AC: 10    Str: 37    XL:     11   Next: 73%
Magic:  8/15       EV: 19    Int: 20    God:    Cheibriados [*****.]
Gold:   611        SH:  0    Dex: 29    Spells: 2 memorised, 4 levels left

rFire  x . .     SeeInvis .       - Unarmed
rCold  + . .     Gourm    +     v - +2 robe {MR+}
rNeg   . . .     Faith    .     (no shield)
rPois  .         Spirit   .     (helmet restricted)
rElec  .         Reflect  .     S - +2 cloak
rCorr  .         Harm     .     (gloves unavailable)
MR     +....                    (boots unavailable)
Stlth  +++.......               m - amulet of magic regeneration
                                (no ring)
                                f - ring of ice

@: lethally poisoned (-1 -> -1), very slow
A: unfitting armour, claws 3, fast metabolism 3, gourmand, regeneration 1,
robust 1, shaggy fur 1, strong 1, tough skin 2
a: Bend Time, Temporal Distortion, Slouch, Step From Time, Renounce Religion


You were on level 11 of the Dungeon.
You worshipped Cheibriados.
Cheibriados was extremely pleased with you.
You were very full.

You visited 1 branch of the dungeon, and saw 11 of its levels.
You also visited: Sewer and Ossuary.

You collected 611 gold pieces.

Inventory:

Missiles
 r - 6 large rocks (quivered)
Armour
 v - a +2 robe of magic resistance (worn)
 S - a +2 cloak (worn)
Jewellery
 f - a ring of ice (left claw)
 m - an amulet of magic regeneration (around neck)
 y - an uncursed amulet of regeneration {unknown}
 E - an uncursed amulet of harm {unknown}
 N - an uncursed ring of magical power {unknown}
 O - a +5 ring of strength {unknown}
Wands
 u - a wand of slowing (33/48)
 z - a wand of lightning (5/15)
 P - a wand of slowing (23/48)
Scrolls
 d - 2 scrolls of amnesia {unknown}
 i - 5 scrolls of enchant weapon {unknown}
 j - 2 scrolls of fog {unknown}
 l - 11 scrolls of identify {unknown}
 o - 7 scrolls of teleportation
 q - a scroll of fear {unknown}
 s - 4 scrolls of blinking {unknown}
 t - 4 scrolls of noise {unknown}
 w - 4 scrolls of remove curse {unknown}
 A - 3 scrolls of recharging {unknown}
 I - 6 scrolls of immolation {unknown}
 J - 8 scrolls of random uselessness {unknown}
 L - 4 scrolls of enchant armour {unknown}
 M - 4 scrolls of magic mapping {unknown}
 Q - a scroll of vulnerability {unknown}
Potions
 g - 7 potions of curing {unknown}
 h - 2 potions of mutation {unknown}
 k - 3 potions of heal wounds {unknown}
 p - 2 potions of brilliance {unknown}
 B - 2 potions of berserk rage {unknown}
 C - 8 potions of degeneration {unknown}
 F - a potion of ambrosia {unknown}
 G - 3 potions of lignification {unknown}
 H - a potion of invisibility {unknown}
 K - 6 potions of flight
Books
 R - a book of Necromancy

   Spells                             Type                      Level
   a - Pain                           Necromancy                   1
   b - Animate Skeleton               Necromancy                   1
   c - Vampiric Draining              Necromancy                   3
   d - Regeneration                   Charms/Necromancy            3
   e - Animate Dead                   Necromancy                   4
   f - Control Undead                 Necromancy                   4
Comestibles
 b - 11 bread rations
 c - 7 meat rations
 n - 11 beef jerkies
 x - 3 slices of pizza
 D - 4 fruits


   Skills:
 + Level 8.5 Fighting
 - Level 9.3 Dodging
 - Level 1.0 Stealth
 + Level 10.2 Unarmed Combat
 * Level 7.4 Invocations


You had 4 spell levels left.
You knew the following spells:

 Your Spells              Type           Power        Failure   Level  Hunger
a - Regeneration          Chrm/Necr      #.........   61%         3    ####...
b - Vampiric Draining     Necr           #.........   61%         3    ####...


Dungeon Overview and Level Annotations

Branches:
Dungeon (11/15)            Temple (0/1) D:5            Lair (0/6) D:10
    Orc: D:9-12

Altars:
Ashenzari
Cheibriados
Dithmenos
Elyvilon
Fedhas
Gozag
Makhleb
Trog
Uskayaw
Vehumet
Xom
Yredelemnul

Shops:
D:5 (   D:11 (


Innate Abilities, Weirdness & Mutations

You are too large for most types of armour.
You have claws for hands.
Your metabolism is lightning-fast.
You like to eat raw meat.
Your natural rate of healing is unusually fast.
You are covered in fur. (AC +1)
You have very tough skin. (AC +2)
You are robust. (+10% HP)
Your muscles are strong. (Str +2)


Message History

The centaur shoots an arrow.
The arrow hits you!
* * * LOW HITPOINT WARNING * * *
The centaur shoots an arrow.
The arrow hits you but does no damage.
The centaur shoots an arrow.
The arrow barely misses you.
The centaur shoots an arrow.
The arrow barely misses you.
The centaur shouts! x2
You see here 4 arrows.
You feel sick.
You scratch the centaur but do no damage.
You mangle the centaur!!
You kill the centaur!
Cheibriados appreciates the change of pace.
The centaur shoots an arrow.
The arrow closely misses you.
The centaur wields a shortbow.
The centaur shoots an arrow.
The arrow completely misses you.
You feel sick.
The centaur shoots an arrow.
The arrow hits you!
* * * LOW HITPOINT WARNING * * *
The centaur shoots an arrow.
The arrow misses you.
The centaur shoots an arrow.
The arrow hits you.
You die...

.....# ....##### ........
.# c.....# .. ...#
....#.##.. #...####
#c.......## #....##
#.#.#.....#y.#
#..#####cc....##.....
##.#..@(c.#....|##.y.
#...###((...........
##...††(.#.........#
#.#####.(....∩....#
#####)####.............
##......##..............
##........(.#............
#..........(##...........
#........(.(##.<.........


You could see 3 centaurs.

Vanquished Creatures
  Erolcha (D:9)
  Erica (D:9)
  The ghost of TuxedoFelix the Carver, a novice MiFi of the Shining One (D:9)
  The ghost of Megalobster the Infuser, a novice DECj of Vehumet (D:7)
  2 hill giants (D:10)
  Pikel (D:6)
  An ugly thing (D:11)
  A manticore (D:11)
  Joseph (D:8)
  Psyche (D:8)
  The ghost of Paps the Shield-Bearer, a novice GrFi (Ossuary)
  Prince Ribbit (D:9)
  A hippogriff (D:7)
  A wraith (D:10)
  A shadow (D:11)
  9 yaks
  Eustachio (D:5)
  Edmund (D:4)
  A soldier ant (D:10)
  3 water moccasins
  4 sky beasts
  An orc warrior (D:8)
  An ice beast (D:5)
  A necrophage (D:9)
  3 ogres
  6 centaurs
  2 phantoms
  2 big kobolds
  Blork the orc (D:4)
  3 bullfrogs
  5 scorpions
  6 killer bees (D:11)
  10 wights
  3 howler monkeys
  2 centaur zombies
  2 bullfrog zombies
  2 jellies
  A bullfrog skeleton (D:4)
  3 human zombies (Ossuary)
  2 orc priests
  2 gnoll shamans
  8 hounds
  5 orc wizards
  7 iguanas
  10 worker ants
  A siren (Sewer)
  A merfolk avatar (Sewer)
  A killer bee zombie (D:8)
  A big kobold zombie (Ossuary)
  A hound zombie (D:7)
  2 hound skeletons (D:6)
  5 mummies (Ossuary)
  2 worker ant zombies
  Robin (D:4)
  8 gnolls
  11 adders
  3 river rats
  3 shadow imps
  An adder zombie (D:10)
  An adder skeleton (D:8)
  4 worms
  2 dart slugs
  3 leopard geckos
  24 orcs
  7 ball pythons (Sewer)
  7 bats
  6 giant cockroaches
  A gnoll zombie (Ossuary)
  7 hobgoblins
  6 jackals
  15 kobolds
  6 quokkas
  7 frilled lizards
  9 goblins
  A goblin zombie (Ossuary)
  A hobgoblin zombie (Ossuary)
  A jackal skeleton (D:5)
  A kobold zombie (Ossuary)
  28 rats
301 creatures vanquished.

Vanquished Creatures (others)
  A slave (D:6)
  A crimson imp (D:6)
2 creatures vanquished.

Grand Total: 303 creatures vanquished

Notes
Turn   | Place    | Note
-------+----------+-------------------------------------------
     0 | D:1      | MovingMist the Troll Monk began the quest for the Orb.
     0 | D:1      | Reached XP level 1. HP: 22/22 MP: 0/0
   193 | D:1      | Reached XP level 2. HP: 29/29 MP: 1/1
  1138 | D:2      | Reached XP level 3. HP: 36/36 MP: 2/2
  1200 | D:2      | Found a basalt altar of Yredelemnul.
  1302 | D:2      | Noticed a hand axe
  1303 | D:2      | Noticed a dagger
  1303 | D:2      | Found a hide-covered altar of Uskayaw.
  1940 | D:3      | Reached XP level 4. HP: 42/44 MP: 3/3
  2211 | D:3      | Found a shadowy altar of Dithmenos.
  2252 | D:3      | Reached skill level 4 in Unarmed Combat
  2534 | D:3      | Reached XP level 5. HP: 53/53 MP: 4/4
  2624 | D:4      | Noticed Edmund
  2626 | D:4      | Noticed Robin
  2637 | D:4      | Noticed Blork the orc
  2669 | D:4      | Killed Edmund
  2678 | D:4      | Killed Robin
  2678 | D:4      | Reached XP level 6. HP: 9/61 MP: 5/5
  2721 | D:4      | Killed Blork the orc
  3151 | D:4      | Found a snail-covered altar of Cheibriados.
  3158 | D:4      | Became a worshipper of Cheibriados the Contemplative
  3158 | D:4      | Reached * piety under Cheibriados
  3158 | D:4      | Reached ** piety under Cheibriados
  3353 | D:5      | Entered Level 5 of the Dungeon
  3366 | D:5      | Reached skill level 5 in Unarmed Combat
  3376 | D:5      | Reached XP level 7. HP: 62/68 MP: 6/6
  3577 | D:5      | Found a staircase to the Ecumenical Temple.
  3612 | D:5      | Reached skill level 5 in Dodging
  3653 | D:5      | Found a sand-covered staircase.
  3677 | Ossuary  | Entered an ossuary
  3683 | Ossuary  | Noticed Paps's ghost (novice GrFi)
  3720 | Ossuary  | Killed Paps's ghost
  3791 | Ossuary  | Reached XP level 8. HP: 60/79 MP: 7/7
  3964 | D:5      | Reached *** piety under Cheibriados
  4149 | D:5      | Noticed Eustachio
  4150 | D:5      | Reached skill level 6 in Unarmed Combat
  4156 | D:5      | Killed Eustachio
  4180 | D:5      | Found Fialasmo's Antique Weapon Emporium.
  4362 | D:5      | Reached skill level 5 in Fighting
  4474 | D:6      | Found a shimmering altar of Xom.
  4604 | D:6      | Noticed Pikel
  4618 | D:6      | Killed Pikel
  4618 | D:6      | Reached XP level 9. HP: 75/88 MP: 8/8
  4702 | D:6      | Reached **** piety under Cheibriados
  4709 | D:6      | Found a glowing drain.
  4714 | Sewer    | Entered a sewer
  4948 | Sewer    | Reached ***** piety under Cheibriados
  5169 | D:6      | Reached skill level 7 in Unarmed Combat
  5225 | D:7      | Noticed Megalobster's ghost (novice DECj)
  5233 | D:7      | Killed Megalobster's ghost
  5308 | D:7      | Found a shattered altar of Ashenzari.
  5673 | D:7      | Found an opulent altar of Gozag.
  5710 | D:7      | Reached skill level 8 in Unarmed Combat
  5710 | D:7      | Reached XP level 10. HP: 100/100 MP: 9/9
  5835 | D:7      | Found a radiant altar of Vehumet.
  6134 | D:8      | Found a bloodstained altar of Trog.
  6272 | D:8      | Found a white marble altar of Elyvilon.
  6312 | D:8      | Found a blossoming altar of Fedhas.
  6433 | D:8      | Noticed Joseph
  6434 | D:8      | Noticed Psyche
  6438 | D:8      | Killed Joseph
  6438 | D:8      | Reached skill level 1 in Invocations
  6441 | D:8      | Killed Psyche
  6515 | D:8      | Found a burning altar of Makhleb.
  6699 | D:9      | Noticed TuxedoFelix's ghost (novice MiFi)
  6706 | D:9      | Noticed Prince Ribbit
  6725 | D:9      | Killed Prince Ribbit
  6799 | D:9      | Reached skill level 9 in Unarmed Combat
  6884 | D:9      | Noticed Erolcha
  6892 | D:9      | Killed Erolcha
  6902 | D:9      | Killed TuxedoFelix's ghost
  6902 | D:9      | Reached skill level 5 in Invocations
  6902 | D:9      | Reached XP level 11. HP: 88/110 MP: 13/13
  6967 | D:9      | Reached ****** piety under Cheibriados
  7071 | D:9      | Noticed Erica
  7081 | D:9      | Killed Erica
  7190 | D:9      | Learned a level 3 spell: Regeneration
  7194 | D:9      | Learned a level 3 spell: Vampiric Draining
  7218 | D:10     | Entered Level 10 of the Dungeon
  7218 | D:10     | Noticed a hill giant
  7230 | D:10     | Killed a hill giant
  7309 | D:10     | Found a staircase to the Lair.
  7517 | D:10     | Gained mutation: You are robust. (+10% HP) [mutagenic meat]
  7518 | D:10     | Gained mutation: Your muscles are strong. (Str +2) [mutagenic meat]
  7524 | D:10     | Noticed a hill giant
  7531 | D:10     | Killed a hill giant
  7629 | D:10     | You fall through a shaft!
  7646 | D:11     | Reached skill level 10 in Unarmed Combat
  7852 | D:11     | Found Daagreev's Weapon Shop.
  7892 | D:11     | Noticed a white ugly thing
  7908 | D:11     | Killed a white ugly thing
  7919 | D:11     | HP: 2/124 [centaur/arrow (7)]
  7919 | D:11     | Shot with an arrow by a centaur

Skill      XL: |  1  2  3  4  5  6  7  8  9 10 11 |
---------------+----------------------------------+-----
Dodging        | 3 4 5 7 8 9 |  9.3
Fighting       | 3 4 5 6 7 8 |  8.5
Unarmed Combat | 4 5 6 8 9 10 | 10.2
Invocations    | 5 7 |  7.4
Stealth        | |  1.0

Action                   |  1- 3 |  4- 6 |  7- 9 | 10-12 || total
-------------------------+-------+-------+-------+-------++-------
Melee: Unarmed           |   148 |   133 |   322 |   251 ||   854
       Punch             |     2 |     2 |    19 |    20 ||    43
Invok: Step From Time    |       |       |       |     1 ||     1
       Slouch            |       |       |       |     1 ||     1
 Stab: Sleeping          |     2 |     1 |    11 |     6 ||    20
       Distracted        |       |       |     1 |     1 ||     2
  Eat: Chunk             |    23 |    12 |    16 |    17 ||    68
Armor: Robe              |    52 |    50 |    88 |    55 ||   245
Dodge: Dodged            |    87 |    85 |   245 |   276 ||   693
